 Dungeon Crawl Stone Soup version 0.21.1-1-g345015f (webtiles) character file.

88 batai666 the Digger (level 4, 0/24 HPs)
             Began as a Gargoyle Earth Elementalist on Feb 11, 2018.
             Slain by inmateoo's ghost (3 damage)
             ... on level 3 of the Dungeon.
             The game lasted 00:35:12 (4218 turns).

batai666 the Digger (Gargoyle Earth Elementalist)   Turns: 4218, Time: 00:35:13

Health: 0/24       AC:  9    Str: 11    XL:     4   Next: 53%
Magic:  12/12      EV: 10    Int: 17    God:
Gold:   169        SH:  3    Dex: 10    Spells: 12/16 levels left

rFire    . . .     SeeInvis +   l - +0 spear
rCold    . . .     Gourm    .   (no shield)
rNeg     + . .     Faith    .   h - +0 ring mail
rPois    ∞         Spirit   .   (no helmet)
rElec    +         Reflect  +   (no cloak)
rCorr    +         Harm     .   (no gloves)
MR       .....                  (no boots)
Stlth    +.........             o - +3 amulet of reflection
HPRegen  0.08/turn              k - ring of resist corrosion
MPRegen  0.13/turn              m - ring of see invisible

@: no status effects
A: negative energy resistance 1, electricity resistance, unbreathing,
petrification resistance, rot immunity, AC +3
a: no special abilities


You were on level 3 of the Dungeon.
You were not hungry.

You visited 1 branch of the dungeon, and saw 3 of its levels.

You collected 169 gold pieces.

Inventory:

Hand Weapons
 f - a +0 hand axe
 l - a +0 spear (weapon)
Missiles
 a - 18 arrows
 b - 45 stones (quivered)
 i - 30 poisoned needles
Armour
 h - a +0 ring mail (worn)
 q - a +0 chain mail
Jewellery
 k - a ring of resist corrosion (left hand)
 m - a ring of see invisible (right hand)
 o - a +3 amulet of reflection (around neck)
Books
 e - a book of Geomancy

   Spells                             Type                      Level
   a - Sandblast                      Earth                        1
   b - Passwall                       Transmutation/Earth          2
   c - Stone Arrow                    Conjuration/Earth            3
   d - Petrify                        Transmutation/Earth          4
   e - Lee's Rapid Deconstruction     Earth                        5
Comestibles
 c - 3 chunks of flesh
 d - a ration


   Skills:
 - Level 4.9 Armour
 - Level 1.5 Dodging
 - Level 2.1 Stealth
 * Level 6.8 Spellcasting
 - Level 4.9 Conjurations
   Level 0.7 Transmutations
 + Level 7.0 Earth Magic


You had 12 spell levels left.
You knew the following spells:

 Your Spells              Type           Power        Failure   Level  Hunger
a - Sandblast             Erth           ####..       1%          1    None
b - Stone Arrow           Conj/Erth      ####..       7%          3    ##.....


Dungeon Overview and Level Annotations

Branches:
Dungeon (3/15)

Altars:

Annotations:
D:3 inmateoo's ghost, amateur MiWz


Innate Abilities, Weirdness & Mutations

You are resistant to torment.
Your stone body is resilient. (AC +3)
You are immune to poison.
You resist negative energy. (rN+)
You are resistant to electric shocks. (rElec)
You can survive without breathing.
You are immune to petrification.
You are immune to rotting.


Message History

Inmateoo's ghost misses you.
You closely miss inmateoo's ghost.
Inmateoo's ghost is lightly damaged.
Inmateoo's ghost hits you but does no damage.
You hit inmateoo's ghost but do no damage.
You block inmateoo's ghost's attack.
You hit inmateoo's ghost but do no damage.
Inmateoo's ghost barely misses you.
You closely miss inmateoo's ghost. Inmateoo's ghost misses you.
Inmateoo's ghost completely misses you.
You hit inmateoo's ghost.
Inmateoo's ghost is lightly damaged.
Inmateoo's ghost hits you!
* * * LOW HITPOINT WARNING * * *
Inmateoo's ghost hits you but does no damage.
Inmateoo's ghost says, "Destruction is an occupation beyond life."
You see here a leather armour.
Inmateoo's ghost hits you but does no damage.
Inmateoo's ghost hits you.
You die...

##### ########
<#####...#######@.....#
...>.(†#..[....W.####.#
..####...######.##
#.########### ##.## #.#
#)........... #.# #>#
############# #.# #.#
#.# #.# #.# #.# #.# #..


You could see inmateoo's ghost.

Vanquished Creatures
  An ooze (D:2)
  A dart slug (D:1)
  3 leopard geckos
  A ball python (D:1)
  3 bats
  4 giant cockroaches
  2 goblins
  7 hobgoblins
  A quokka (D:2)
  2 frilled lizards
  6 kobolds
  4 rats
  A bush (D:2)
  A plant (D:2)
37 creatures vanquished.

Notes
Turn   | Place    | Note
-------+----------+-------------------------------------------
     0 | D:1      | batai666 the Gargoyle Earth Elementalist began the quest for the Orb.
     0 | D:1      | Reached XP level 1. HP: 10/10 MP: 3/3
   832 | D:1      | Reached XP level 2. HP: 12/15 MP: 5/5
  1646 | D:1      | Reached skill level 4 in Earth Magic
  2131 | D:2      | Reached XP level 3. HP: 19/19 MP: 7/7
  2429 | D:2      | Reached skill level 7 in Earth Magic
  2429 | D:2      | Reached XP level 4. HP: 24/24 MP: 7/12
  2572 | D:2      | Learned a level 3 spell: Stone Arrow
  4189 | D:3      | Noticed inmateoo's ghost (amateur MiWz)
  4218 | D:3      | Slain by inmateoo's ghost

Skill      XL: |  1  2  3 |
---------------+----------+-----
Earth Magic    | 4 7 |  7.0
Spellcasting   | 6 |  6.8
Armour         | 4 |  4.9
Conjurations   | 4 |  4.9
Dodging        | |  1.5
Stealth        | |  2.1
Transmutations | |  0.7

Action                   |  1- 3 |  4- 6 || total
-------------------------+-------+-------++-------
Melee: Hand axe          |    44 |       ||    44
       Hunting sling     |     5 |       ||     5
       Spear             |     2 |   368 ||   370
 Fire: Hunting sling     |    38 |     4 ||    42
Throw: Stone             |    22 |    19 ||    41
 Cast: Stone Arrow       |       |     5 ||     5
  Use: Potion            |     4 |       ||     4
       Scroll            |     2 |     4 ||     6
  Eat: Ration            |     2 |     2 ||     4
Armor: Ring mail         |    64 |    25 ||    89
       Robe              |     4 |       ||     4
Dodge: Dodged            |    83 |    28 ||   111
Block: Other             |     4 |    10 ||    14
